 Dungeon Crawl Stone Soup version 0.30-a0-39-g42789b21ef (webtiles) character file.

Game seed: 13695299135662034974

212 frimble the Conjurer (level 5, -9/39 HPs)
             Began as a Demonspawn Air Elementalist on Aug 28, 2022.
             Killed by divine providence
             ... invoked by an orc priest
              (16 damage)
             ... on level 5 of the Dungeon.
             The game lasted 00:05:09 (3374 turns).

frimble the Conjurer (Demonspawn Air Elementalist)  Turns: 3374, Time: 00:05:09

Health: -9/39      AC:  2    Str:  8    XL:     5   Next: 58%
Magic:  5/8        EV: 12    Int: 17    God:
Gold:   6          SH:  0    Dex: 15    Spells: 7/8 levels left

rFire   . . .      SeeInvis .    q - +1 dagger (elec)
rCold   . . .      Faith    .    (no shield)
rNeg    . . .      Spirit   .    a - +0 robe
rPois   .          Reflect  .    (no helmet)
rElec   .          Harm     .    (no cloak)
rCorr   .          Rampage  .    (no gloves)
Will    .....                    (no boots)
Stlth   ++........               k - amulet of regeneration
HPRegen 0.93/turn                (no ring)
MPRegen 0.11/turn                (no ring)

@: no status effects
A: ignite blood 2
a: no special abilities


You were on level 5 of the Dungeon.
You visited 1 branch of the dungeon, and saw 5 of its levels.

You collected 162 gold pieces.
You spent 156 gold pieces at shops.

Inventory:

Hand Weapons
 h - a +0 vorpal mace
 q - a +1 dagger of electrocution (weapon)
Armour
 a - a +0 robe (worn)
Jewellery
 f - an amulet of magic regeneration
 j - a ring of fire
 k - an amulet of regeneration (around neck)
Wands
 n - a wand of digging (6)
Scrolls
 e - a scroll of brand weapon
 g - a scroll of magic mapping
 i - a scroll of teleportation
Potions
 b - 3 potions of magic
 c - 3 potions of heal wounds
 d - a potion of brilliance
 l - a potion of flight
 o - a potion of curing


   Skills:
 - Level 2.6 Fighting
 + Level 1.2 Short Blades
 - Level 1.7 Dodging
 - Level 1.7 Stealth
 - Level 2.0 Spellcasting
 - Level 4.2 Conjurations
 - Level 3.0 Air Magic


You had 7 spell levels left.
You knew the following spells:

 Your Spells              Type           Power      Damage    Failure   Level
a - Shock                 Conj/Air       52%        1d6       4%          1

Your spell library contained the following spells:

 Spells                   Type           Power      Damage    Failure   Level
 Static Discharge         Conj/Air       26%        3-5/arc   7%          2
 Swiftness                Air            11%        N/A       17%         3
 Summon Small Mammal      Summ           4%         N/A       19%         1
 Ensorcelled Hibernation  Hex/Ice        2%         N/A       28%         2
 Call Canine Familiar     Summ           1%         N/A       50%         3
 Ignite Poison            Fire/Tmut/Pois 1%         N/A       50%         3
 Inner Flame              Hex/Fire       1%         N/A       50%         3
 Spider Form              Tmut/Pois      1%         N/A       50%         3
 Summon Guardian Golem    Hex/Summ       1%         N/A       50%         3
 Airstrike                Air            5%         2d(1-17)  50%         4
 Flame Wave               Conj/Fire      8%         2d5       63%         4
 Anguish                  Hex/Necr       0%         N/A       88%         4
 Fire Storm               Conj/Fire      4%         8d1       100%        9


Dungeon Overview and Level Annotations

Branches:
Dungeon (5/15)             Temple (0/1) D:4

Altars:
Cheibriados
Dithmenos

Shops:
D:1 (


Innate Abilities, Weirdness & Mutations

Your demonic aura often causes spilled blood to erupt in flames.


Message History

The zap hits the orc.
You kill the orc!
The zap hits the orc priest.
The orc priest is heavily wounded.
Aiming: Shock (safe; 4% risk of failure)
Press: ? - help, Q - select action Shift-Dir - straight line, f/p - orc priest
Aim: an orc priest, wielding a +0 short sword (heavily wounded, 68% to hit)
The zap misses the orc priest.
You hit the orc priest but do no damage.
The orc priest is heavily wounded.
The orc priest calls down the wrath of Beogh upon you.
Beogh smites you!
You are too injured to fight recklessly!
You are too injured to fight recklessly!
You are too injured to fight recklessly!
You are too injured to fight recklessly!
You are too injured to fight recklessly!
Aiming: Shock (safe; 4% risk of failure)
Press: ? - help, Q - select action Shift-Dir - straight line, f/p - orc priest
Aim: an orc priest, wielding a +0 short sword (heavily wounded, 68% to hit)
The zap hits the orc priest.
The orc priest is almost dead.
The orc priest calls down the wrath of Beogh upon you.
Beogh smites you!
You completely miss the orc priest.
The orc priest is almost dead.
The orc priest hits you with a +0 short sword.
* * * LOW HITPOINT WARNING * * *
You hit the orc priest.
The orc priest is almost dead.
The orc priest looks satisfied for a moment.
You barely miss the orc priest.
The orc priest is almost dead.
The orc priest hits you with a +0 short sword.
* * * LOW HITPOINT WARNING * * *
You closely miss the orc priest.
The orc priest is almost dead.
The orc priest mumbles some strange prayers to Beogh against you.
Beogh smites you!
You die...

#...# #..
#####...#####.#
#...........#.#
.............<#
#.......†...###
#####...#####
#...# ###...###
#.....@.#
#.##.##o# #.
#.##.# # #....#
.....##..###
##.........#
..........o....o
###.##.##.##.##o
#....# .# #


You could see an orc priest.

Vanquished Creatures
  2 jellies (D:4)
  An iguana (D:5)
  Jessica (D:3)
  3 adders
  A worm (D:4)
  A dart slug (D:1)
  An orc (D:5)
  15 ball pythons
  6 endoplasms
  2 giant cockroaches
  3 goblins
  5 hobgoblins
  3 jackals (D:4)
  3 quokkas
  6 bats
  5 frilled lizards
  3 kobolds
  6 rats
67 creatures vanquished.

Notes
Turn   | Place    | Note
-------+----------+-------------------------------------------
     0 | D:1      | frimble the Demonspawn Air Elementalist began the quest for
                  | the Orb.
     0 | D:1      | Reached XP level 1. HP: 13/13 MP: 3/3
   262 | D:1      | Reached skill level 2 in Conjurations
   271 | D:1      | Gained mutation: Your demonic aura sometimes causes spilled
                  | blood to erupt in flames. [demonic ancestry]
   271 | D:1      | Reached XP level 2. HP: 17/19 MP: 5/5
   749 | D:1      | Reached XP level 3. HP: 20/25 MP: 6/6
   821 | D:1      | Found Koicrum's Weapon Boutique.
  1185 | D:2      | Reached skill level 1 in Fighting
  1430 | D:2      | Reached skill level 3 in Conjurations
  1605 | D:2      | Found a faded altar of an unknown god.
  1820 | D:3      | Reached XP level 4. HP: 33/33 MP: 3/7
  1977 | D:3      | Noticed Jessica
  1991 | D:3      | Killed Jessica
  2111 | D:4      | Reached skill level 4 in Conjurations
  2157 | D:4      | Got Asmodeus's Lectures on the Arsonist
  2183 | D:4      | Gained mutation: Your demonic aura often causes spilled
                  | blood to erupt in flames. [demonic ancestry]
  2183 | D:4      | Reached XP level 5. HP: 38/38 MP: 6/8
  2250 | D:4      | Found a shadowy altar of Dithmenos.
  2362 | D:4      | Found a staircase to the Ecumenical Temple.
  2424 | D:4      | Found a snail-covered altar of Cheibriados.
  3012 | D:5      | Entered Level 5 of the Dungeon
  3023 | D:5      | Noticed a phantom
  3134 | D:1      | Bought a +1 dagger of electrocution for 156 gold pieces
  3294 | D:5      | Reached skill level 1 in Short Blades
  3374 | D:5      | Killed from afar by an orc priest

Illustrated notes

Levels and vault maps discovered:
D:1:      doesnt_arrival_eight_statues, layout_loops_ring, serial_shops,
          nicolae_shop_bloodbath_and_beyond, palyth_stone_intersect,
          chequers_garden
D:2:      layout_loops_cross, shapermc_ecumenical_altar_hornbeckon,
          grunt_decor_one_mirror
D:3:      layout_rooms, serial_aquarium, aquarium_bridge_square
          [aquarium_subvault_bridge, aquarium_subvault_wall,
          aquarium_subvault_window, aquarium_subvault_bridge],
          aquarium_bridge_square [aquarium_subvault_bridge,
          aquarium_subvault_window, aquarium_subvault_window,
          aquarium_subvault_wall], aquarium_window_fake, aquarium_window_2,
          aquarium_window_fake, aquarium_window_double, aquarium_view_2a,
          uniq_jessica
D:4:      layout_basic, mainiacjoe_overflow_tiny_flanked, grunt_dithmenos_smoke,
          minmay_temple_entry_waves
D:5:      layout_loops_cross, fedhas_bush_and_centaur_altar, serial_shops,
          nicolae_stop_n_shop_2, shop_statue, nicolae_shop_overgrown_old_shop,
          kennysheep_little_box, gammafunk_ghost_smash, minivault_1,
          grunt_ministairs_11, feat_on_display

Skill      XL: |  1  2  3  4  5 |
---------------+----------------+-----
Conjurations   | 2 3 4 |  4.2
Fighting       | 1 2 |  2.6
Air Magic      | 3 |  3.0
Short Blades   | 1 |  1.2
Dodging        | |  1.7
Stealth        | |  1.7
Spellcasting   | |  2.0

Action                   |  1- 3 |  4- 6 || total
-------------------------+-------+-------++-------
Melee: Mace              |   103 |    47 ||   150
       Unarmed           |     5 |       ||     5
       Punch             |     1 |       ||     1
       Dagger            |       |     6 ||     6
 Cast: Shock             |    30 |    25 ||    55
  Use: Scroll            |     9 |     5 ||    14
       Potion            |       |     1 ||     1
 Stab: Sleeping          |     9 |     2 ||    11
Armor: Robe              |    21 |     7 ||    28
Dodge: Dodged            |   104 |    37 ||   141

Table legend: (Time is in decaauts)
 A = Elapsed time spent in this place.
 B = Non-inter-level travel time spent in this place.
 C = Inter-level travel time spent in this place.
 D = Time resting spent in this place.
 E = Time spent auto-exploring this place.
 F = Levels seen in this place.
 G = Mean time per level.
                   A        B        C        D        E       F      G
               +--------+--------+--------+--------+--------+-----+--------+
         Total |   3443 |   3061 |    382 |      0 |   2460 |   5 |  688.6 |
       Dungeon |   3443 |   3061 |    382 |      0 |   2460 |   5 |  688.6 |
               +--------+--------+--------+--------+--------+-----+--------+

Top non-repeatable levels by time:
     D:4: 1050 daAuts
     D:1: 1018 daAuts
     D:2: 780 daAuts
     D:3: 478 daAuts
     D:5: 116 daAuts
